 Dungeon Crawl Stone Soup version 0.26-a0-598-g61e6210cf4 (webtiles) character file.

Game seed: 10176487036948904628

0 Gargoyl the Skirmisher (level 1, -17/23 HPs)
             Began as a Gnoll Abyssal Knight on Aug 28, 2020.
             Was a Follower of Lugonu.
             Demolished by an Executioner (20 damage)
             ... on level 2 of the Abyss.
             The game lasted 00:00:45 (151 turns).

Gargoyl the Skirmisher (Gnoll Abyssal Knight)        Turns: 151, Time: 00:00:45

Health: -17/23     AC:  3    Str: 14    XL:     1   Next: 0%
Magic:  3/3        EV: 12    Int: 14    God:    Lugonu [*.....]
Gold:   0          SH:  0    Dex: 14    Spells: 0/0 levels left

rFire    . . .     SeeInvis .   a - +1 hand axe
rCold    . . .     Faith    .   (no shield)
rNeg     . . .     Spirit   .   b - +0 leather armour
rPois    .         Reflect  .   (no helmet)
rElec    .         Harm     .   (no cloak)
rCorr    .                      (no gloves)
MR       .....                  (no boots)
Stlth    +.........             (no amulet)
HPRegen  0.07/turn              (no ring)
MPRegen  0.08/turn              (no ring)

@: no status effects
A: distributed training, fangs 1, strong nose
a: Depart the Abyss, Renounce Religion


You were on level 2 of the Abyss.
You worshipped Lugonu.
Lugonu was aware of your devotion.
You visited 0 branches of the dungeon, and saw 0 of its levels.
You visited the Abyss 1 time.

Inventory:

Hand Weapons
 a - a +1 hand axe (weapon)
Armour
 b - a +0 leather armour (worn)
Wands
 c - a wand of iceblast (10)
Miscellaneous
 e - a phantom mirror (inert)


   Skills:
 + Level 6.4 Fighting
 + Level 0.0 Short Blades
 + Level 0.0 Long Blades
 + Level 4.4 Axes
 + Level 0.0 Maces & Flails
 + Level 0.0 Polearms
 + Level 0.0 Staves
 + Level 0.0 Slings
 + Level 0.0 Bows
 + Level 0.0 Crossbows
 + Level 0.0 Throwing
 + Level 4.4 Armour
 + Level 2.3 Dodging
 + Level 0.0 Stealth
 + Level 0.0 Shields
 + Level 0.0 Unarmed Combat
 + Level 0.0 Spellcasting
 + Level 0.0 Conjurations
 + Level 0.0 Hexes
 + Level 0.0 Summonings
 + Level 0.0 Necromancy
 + Level 0.0 Translocations
 + Level 0.0 Transmutations
 + Level 0.0 Fire Magic
 + Level 0.0 Ice Magic
 + Level 0.0 Air Magic
 + Level 0.0 Earth Magic
 + Level 0.0 Poison Magic
 + Level 4.4 Invocations
 + Level 0.0 Evocations


You couldn't memorise any spells.
You didn't know any spells.
Your spell library was empty.

Dungeon Overview and Level Annotations

Branches:
Dungeon (0/15)

Altars:


Innate Abilities, Weirdness & Mutations

Your experience applies equally to all skills.
You have very sharp teeth.
Your uncanny sense of smell can sniff out nearby items.


Message History

The shadow dragon skeleton is lightly damaged.
A tentacled starspawn comes into view.
Aiming: Iceblast
Press: ? - help, Shift-Dir - straight line, f/p - shadow dragon skeleton
Aim: a shadow dragon skeleton (lightly damaged)
The mass of ice explodes!
The iceblast engulfs the shadow dragon skeleton!
The shadow dragon skeleton partially resists.
The shadow dragon skeleton is moderately damaged.
A tentacle flies out from the starspawn's body!
A starspawn tentacle comes into view.
An Executioner comes into view.
The Executioner gives a hideous shriek!
The Executioner gestures at you. Pain shoots through your body!
The Executioner completely misses you. The Executioner hits you!
* * * LOW HITPOINT WARNING * * *
The Executioner misses you. The Executioner hits you!!
Ouch! That really hurt!
You die...

X... ...# #
#... # #..#
#####.#.#
#......#
#.##Z#.#
#(.##..#.#
.......##@1#
....#..#.....#
## #..#.#...##
#.......##
#### #..# ##..
.. #..


You could see an Executioner and a shadow dragon skeleton.

Vanquished Creatures (others)
  2 starspawn tentacles (Abyss:2)
2 creatures vanquished.

Notes
Turn   | Place    | Note
-------+----------+-------------------------------------------
     0 | Abyss:1  | Gargoyl the Gnoll Abyssal Knight began the quest for the
                  | Orb.
     0 | Abyss:1  | Reached XP level 1. HP: 23/23 MP: 3/3
    31 | Abyss:2  | Noticed an iron imp
    52 | Abyss:2  | Noticed a deep elf demonologist
    56 | Abyss:2  | Noticed a red devil
   145 | Abyss:2  | Noticed a shadow dragon skeleton
   147 | Abyss:2  | Noticed a tentacled starspawn
   150 | Abyss:2  | Noticed an Executioner
   151 | Abyss:2  | Demolished by an Executioner

Illustrated notes

Levels and vault maps discovered:
Abyss:2:  evilmike_abyss_exit_3, hangedman_abyss_or_decor_lesser_grid,
          hangedman_abyss_or_decor_stabs

Action                   || total
-------------------------++-------
Melee: Hand axe          ||     5
Evoke: Wand              ||     3
       Phantom mirror    ||     1
  Use: Scroll            ||     3
Armor: Leather armour    ||     1
Dodge: Dodged            ||     3

Table legend: (Time is in decaauts)
 A = Elapsed time spent in this place.
 B = Non-inter-level travel time spent in this place.
 C = Inter-level travel time spent in this place.
 D = Time resting spent in this place.
 E = Time spent auto-exploring this place.
 F = Levels seen in this place.
 G = Mean time per level.
                   A        B        C        D        E       F      G
               +--------+--------+--------+--------+--------+-----+--------+
         Total |    151 |    151 |      0 |      0 |     78 |   2 |   75.5 |
         Abyss |    151 |    151 |      0 |      0 |     78 |   2 |   75.5 |
               +--------+--------+--------+--------+--------+-----+--------+

Top non-repeatable levels by time:
 Abyss:2: 132 daAuts
 Abyss:1: 19 daAuts
